 Dungeon Crawl Stone Soup version 0.29-a0-8-g0446c0dae4 (webtiles) character file.

Game seed: 17183162554082487540

159 lunkers the Bolt Thrower (level 5, -1/47 HPs)
             Began as a Minotaur Hunter on Jan 27, 2022.
             Slain by an iguana (8 damage)
             ... on level 4 of the Dungeon.
             The game lasted 00:04:43 (2820 turns).

lunkers the Bolt Thrower (Minotaur Hunter)          Turns: 2820, Time: 00:04:44

Health: -1/47      AC:  8    Str: 19    XL:     5   Next: 17%
Magic:  4/4        EV:  8    Int:  8    God:
Gold:   145        SH:  0    Dex: 16    Spells: 4/4 levels left

rFire   . . .      SeeInvis .   b - +0 dagger (elec)
rCold   . . .      Faith    .   (no shield)
rNeg    . . .      Spirit   .   o - +0 chain mail
rPois   .          Reflect  .   (helmet restricted)
rElec   .          Harm     .   (no cloak)
rCorr   .          Rampage  .   (no gloves)
Will    .....                   (no boots)
Stlth   ..........              (no amulet)
HPRegen 0.15/turn               g - +6 ring of dexterity
MPRegen 0.09/turn               (no ring)

@: no status effects
A: horns 2, retaliatory headbutt
a: no special abilities


You were on level 4 of the Dungeon.
You visited 1 branch of the dungeon, and saw 4 of its levels.

You collected 145 gold pieces.

Inventory:

Hand Weapons
 a - a +1 hand crossbow
 b - a +0 dagger of electrocution (weapon)
 h - a +0 short sword
Missiles
 d - 10 bolts
Armour
 o - a +0 chain mail (worn)
Jewellery
 g - a +6 ring of dexterity (left hand)
 i - an amulet of faith
Wands
 p - a wand of mindburst (7)
Scrolls
 c - 2 scrolls of enchant weapon {unknown}
 f - 4 scrolls of teleportation
 n - 2 scrolls of amnesia {unknown}
 q - a scroll of vulnerability {unknown}
Potions
 e - a potion of might {unknown}
 j - a potion of degeneration {unknown}
 k - a potion of attraction {unknown}
 l - a potion of heal wounds {unknown}
 m - a potion of curing {unknown}
 r - a potion of invisibility {unknown}


   Skills:
 + Level 4.9 Fighting
 + Level 5.9 Crossbows
 - Level 2.1 Dodging
 - Level 0.7 Stealth


You had 4 spell levels left.
You didn't know any spells.
Your spell library contained the following spells:

 Spells                   Type           Power      Damage    Failure   Level
 Foxfire                  Conj/Fire      0%         2x1d4     99%         1
 Conjure Flame            Conj/Fire      0%         6-21      100%        3
 Inner Flame              Hex/Fire       0%         N/A       100%        3
 Tukima's Dance           Hex            0%         N/A       100%        3
 Anguish                  Hex/Necr       0%         N/A       100%        4
 Flame Wave               Conj/Fire      0%         2d4       100%        4
 Enfeeble                 Hex            0%         N/A       100%        7


Dungeon Overview and Level Annotations

Branches:
Dungeon (4/15)
 Temple: D:4-7

Altars:
Ashenzari
Qazlal
Ru
Sif Muna

Annotations:
D:4 3 runed translucent doors, issech's ghost, amateur TrMo


Innate Abilities, Weirdness & Mutations

You have a pair of horns on your head.
You reflexively headbutt those who attack you in melee.


Message History

The iguana bites you but does no damage.
The hound bites you but does no damage.
You closely miss the hound. The hound barely misses you.
The iguana barely misses you.
You hit the hound.
You headbutt the hound, but do no damage.
The hound is lightly wounded.
The hound bites you but does no damage. The iguana bites you!
* * * LOW HITPOINT WARNING * * *
The hound bites you but does no damage.
You hit the hound.
The hound is moderately wounded.
The hound bites you.
* * * LOW HITPOINT WARNING * * *
The iguana bites you but does no damage.
Unknown command.
You hit the hound.
The hound is moderately wounded.
The hound stops to sniff the ground.
The hound bites you but does no damage. The iguana bites you!
* * * LOW HITPOINT WARNING * * *
The hound closely misses you.
Unknown command.
You barely miss the hound.
The hound is moderately wounded.
The hound bites you.
* * * LOW HITPOINT WARNING * * *
The iguana closely misses you. You furiously retaliate!
You headbutt the iguana! You hit the hound. Your headbutt misses the hound.
The hound is heavily wounded.
The hound bites you but does no damage.
The iguana hisses menacingly.
The iguana closely misses you. You furiously retaliate!
You headbutt the iguana. The hound bites you but does no damage.
Unknown command.
You hit the hound. Lightning courses through the hound!!
You kill the hound!
The iguana bites you!
You die...

.## . ..# ### .. ###
..#[..# ...##..##..#....
..)............
.................
......†l...# .#
...#.@..#####.#
.......#.......##
.......#........# ######
#..............####.....
.................#.#...#
.................#..#..#
...#########.....#...#..
...#....W. #..........#.
#...$$.J#.......##..#


You could see an iguana and issech's ghost.

Vanquished Creatures
  A jelly (D:4)
  A hound (D:4)
  An orc wizard (D:4)
  2 adders
  2 worms
  2 dart slugs (D:1)
  6 orcs
  5 bats
  5 endoplasms (D:1)
  A giant cockroach (D:1)
  4 goblins
  7 hobgoblins
  11 kobolds
  6 quokkas
  5 ball pythons
  3 frilled lizards
  7 rats
69 creatures vanquished.

Notes
Turn   | Place    | Note
-------+----------+-------------------------------------------
     0 | D:1      | lunkers the Minotaur Hunter began the quest for the Orb.
     0 | D:1      | Reached XP level 1. HP: 18/18 MP: 0/0
   188 | D:1      | Reached XP level 2. HP: 26/26 MP: 1/1
   260 | D:1      | Found a faded altar of an unknown god.
   661 | D:1      | Reached XP level 3. HP: 31/31 MP: 2/2
   678 | D:1      | Reached skill level 5 in Crossbows
  2030 | D:3      | Reached XP level 4. HP: 40/40 MP: 3/3
  2240 | D:4      | Found a sacrificial altar of Ru.
  2241 | D:4      | Found a stormy altar of Qazlal.
  2242 | D:4      | Found a shimmering blue altar of Sif Muna.
  2242 | D:4      | Found a broken altar of Ashenzari.
  2421 | D:4      | Reached XP level 5. HP: 22/47 MP: 4/4
  2794 | D:4      | Found a runed translucent gate.
  2795 | D:4      | Found a runed translucent gate.
  2795 | D:4      | Noticed issech's ghost (amateur TrMo)
  2797 | D:4      | Found a runed translucent gate.
  2797 | D:4      | Noticed an orc warrior
  2820 | D:4      | Slain by an iguana

Illustrated notes

Levels and vault maps discovered:
D:1:      saegor_arrival_under_anarchy, layout_basic,
          shapermc_ecumenical_altar_gd, minmay_heptomino_w4
D:2:      layout_basic, kennysheep_generic_room_5
D:3:      layout_rooms, skrybe_limestone_x
D:4:      layout_cave_pools, chequers_temple_overflow_statue_of_worship,
          gammafunk_ghost_split, minivault_26

Skill      XL: |  1  2  3 |
---------------+----------+-----
Fighting       | 3 4 |  4.9
Crossbows      | 5 |  5.9
Dodging        | |  2.1
Stealth        | |  0.7

Action                   |  1- 3 |  4- 6 || total
-------------------------+-------+-------++-------
Melee: Dagger            |       |    27 ||    27
       Short sword       |       |     3 ||     3
       Headbutt          |       |     4 ||     4
       Hand crossbow     |       |     2 ||     2
 Fire: Hand crossbow     |   104 |    26 ||   130
  Use: Scroll            |       |     1 ||     1
Armor: Leather armour    |     7 |       ||     7
       Chain mail        |     1 |    24 ||    25
Dodge: Dodged            |    10 |    15 ||    25

Table legend: (Time is in decaauts)
 A = Elapsed time spent in this place.
 B = Non-inter-level travel time spent in this place.
 C = Inter-level travel time spent in this place.
 D = Time resting spent in this place.
 E = Time spent auto-exploring this place.
 F = Levels seen in this place.
 G = Mean time per level.
                   A        B        C        D        E       F      G
               +--------+--------+--------+--------+--------+-----+--------+
         Total |   2849 |   2717 |    132 |      0 |   2320 |   4 |  712.2 |
       Dungeon |   2849 |   2717 |    132 |      0 |   2320 |   4 |  712.2 |
               +--------+--------+--------+--------+--------+-----+--------+

Top non-repeatable levels by time:
     D:1: 922 daAuts
     D:2: 883 daAuts
     D:4: 588 daAuts
     D:3: 454 daAuts
